[Event "FICS rated blitz game"]
[Site "FICS freechess.org"]
[FICSGamesDBGameNo "20001097"]
[White "KaroKannDoch"]
[Black "DepecheMode"]
[WhiteElo "1855"]
[BlackElo "1952"]
[WhiteRD "na"]
[BlackRD "na"]
[TimeControl "360+0"]
[Date "1999.06.28"]
[Time "20:29:00"]
[WhiteClock "0:06:00.000"]
[BlackClock "0:06:00.000"]
[ECO "A49"]
[PlyCount "77"]
[Result "1-0"]

1. d4 Nf6 2. g3 g6 3. Bg2 Bg7 4. Nf3 d5 5. O-O Nc6 6. c3 O-O 7. Nbd2 Bf5 8. Re1 e6 9. Nh4 Bg4 10. f3 Bh5 11. Bh3 g5 12. Ng2 e5 13. dxe5 Nxe5 14. Bf5 d4 15. Ne4 Nxe4 16. fxe4 d3 17. g4 Bxg4 18. Bxg4 Nxg4 19. exd3 Ne5 20. d4 Nc4 21. Qe2 b5 22. Ne3 Nxe3 23. Bxe3 c6 24. Qg4 Bf6 25. Rf1 Kh8 26. e5 Be7 27. Rf5 h6 28. Raf1 Qd5 29. Qh5 Kg7 30. h4 Qxa2 31. hxg5 hxg5 32. Bxg5 Qe6 33. Bf6+ Bxf6 34. Rxf6 Rad8 35. Rxe6 fxe6 36. Qg5+ Kh7 37. Qe7+ Kg6 38. Rxf8 Rxf8 39. Qxf8 {Black resigns} 1-0

[Event "FICS rated blitz game"]
[Site "FICS freechess.org"]
[FICSGamesDBGameNo "20001096"]
[White "bogo"]
[Black "TheRick"]
[WhiteElo "1308"]
[BlackElo "1365"]
[WhiteRD "na"]
[BlackRD "na"]
[TimeControl "120+12"]
[Date "1999.06.28"]
[Time "17:06:00"]
[WhiteClock "0:02:00.000"]
[BlackClock "0:02:00.000"]
[ECO "B01"]
[PlyCount "147"]
[Result "1-0"]

1. e4 d5 2. e5 f5 3. d4 Nc6 4. Nf3 e6 5. Bb5 Bd7 6. c4 Bb4+ 7. Bd2 Bxd2+ 8. Nbxd2 Nge7 9. O-O O-O 10. c5 a6 11. Be2 Ng6 12. b3 b6 13. a4 bxc5 14. dxc5 Ncxe5 15. Nxe5 Nxe5 16. f4 Ng6 17. Nf3 c6 18. Bd3 Nxf4 19. Bc2 Rf6 20. Ne5 Rh6 21. Rxf4 g5 22. Rf3 g4 23. Rf4 Bc8 24. Qd3 Bb7 25. Qe3 Qh4 26. Qg3 Qf6 27. h3 Qxe5 28. hxg4 Qxa1+ 29. Kf2 fxg4 30. Qxg4+ Rg6 31. Qf3 Qb2 32. Qe2 d4 33. Bxg6 Qxe2+ 34. Kxe2 hxg6 35. Rxd4 Rf8 36. Rd6 Rf6 37. Rd7 Rf7 38. Rd8+ Kg7 39. Rd6 Rf6 40. Rd7+ Rf7 41. Rd6 Kf6 42. g4 Ke5 43. Kd3 g5 44. b4 Rh7 45. Kc3 Rh3+ 46. Kd2 Rg3 47. Rd7 Rxg4 48. Rxb7 Rd4+ 49. Ke3 g4 50. Rb6 Kd5 51. Rb8 Ke5 52. Rb6 Kd5 53. Rb8 Ke5 54. a5 g3 55. Kf3 Rd3+ 56. Kg2 Rb3 57. Rb6 Kf4 58. Rxc6 Rb2+ 59. Kg1 Rxb4 60. Rxe6 Rb1+ 61. Kg2 Rb2+ 62. Kg1 g2 63. Rf6+ Ke5 64. Rg6 Kd5 65. Rg5+ Kc6 66. Rg6+ Kxc5 67. Rxa6 Ra2 68. Ra8 Kd4 69. a6 Ke3 70. a7 Kf3 71. Rf8+ Kg3 72. a8=Q Rxa8 73. Rxa8 Kh3 74. Ra2 {Black resigns} 1-0

[Event "FICS rated lightning game"]
[Site "FICS freechess.org"]
[FICSGamesDBGameNo "20001095"]
[White "nordlys"]
[Black "lucio"]
[WhiteElo "1735"]
[BlackElo "1643"]
[WhiteRD "na"]
[BlackRD "na"]
[TimeControl "60+0"]
[Date "1999.06.28"]
[Time "17:04:00"]
[WhiteClock "0:01:00.000"]
[BlackClock "0:01:00.000"]
[ECO "B00"]
[PlyCount "72"]
[Result "0-1"]

1. e4 b6 2. d3 Bb7 3. Nf3 Nf6 4. Be2 h6 5. Nbd2 e6 6. O-O d5 7. c3 dxe4 8. dxe4 Nxe4 9. Qc2 Nxd2 10. Bxd2 Be7 11. Rad1 O-O 12. Bxh6 Qc8 13. Be3 f5 14. Ne5 Bf6 15. Bd4 Be4 16. Qd2 c5 17. Ng6 Qc6 18. Bxf6 Rxf6 19. Nf4 Bxg2 20. Nxg2 Rg6 21. f3 Na6 22. Bxa6 Re8 23. Qe2 Re7 24. Bc4 Kh7 25. Rd2 e5 26. Rfd1 e4 27. fxe4 Rxe4 28. Qf2 Rh4 29. Kh1 Rhg4 30. Rg1 b5 31. Bf1 c4 32. Rd4 R4g5 33. Rh4+ Kg8 34. Qe2 f4 35. Qe7 Qf6 36. Qe8+ Qf8 {White forfeits on time} 0-1

[Event "FICS rated blitz game"]
[Site "FICS freechess.org"]
[FICSGamesDBGameNo "20001094"]
[White "mkelem"]
[Black "CarrascoJr"]
[WhiteElo "1688"]
[BlackElo "1594"]
[WhiteRD "na"]
[BlackRD "na"]
[TimeControl "120+12"]
[Date "1999.06.28"]
[Time "14:11:00"]
[WhiteClock "0:02:00.000"]
[BlackClock "0:02:00.000"]
[ECO "B01"]
[PlyCount "116"]
[Result "0-1"]

1. e4 d5 2. exd5 Qxd5 3. Nc3 Qa5 4. Bc4 Nf6 5. Nf3 Bg4 6. h3 Bh5 7. d4 e6 8. Be3 c6 9. Qd2 Bb4 10. g4 Bg6 11. Ne5 Ne4 12. Qe2 Nxc3 13. bxc3 Bxc3+ 14. Bd2 Bxd2+ 15. Qxd2 Qxd2+ 16. Kxd2 Nd7 17. Nxg6 hxg6 18. Rab1 Nb6 19. Bd3 O-O-O 20. c3 Nd5 21. h4 Nf4 22. Bf1 Kc7 23. a4 g5 24. h5 g6 25. h6 Rh7 26. a5 Rdh8 27. c4 Rxh6 28. Rxh6 Rxh6 29. Ke3 Rh4 30. f3 Rh2 31. Ra1 Rb2 32. c5 f5 33. gxf5 gxf5 34. Bc4 Nd5+ 35. Bxd5 exd5 36. Rh1 a6 37. Rh7+ Kb8 38. Rg7 Rg2 39. Rg8+ Ka7 40. Rg7 g4 41. fxg4 fxg4 42. Rg6 g3 43. Kf4 Ra2 44. Rxg3 Rxa5 45. Ke5 Ra2 46. Kd6 Rb2 47. Kc7 a5 48. Ra3 Ka6 49. Ra4 Rb4 50. Ra2 Rxd4 51. Rb2 Rb4 52. Re2 a4 53. Re8 Kb5 54. Kd6 a3 55. Ra8 Rb3 56. Ra7 Kc4 57. Ra4+ Kc3 58. Ra7 Kb2 {White resigns} 0-1

[Event "FICS rated blitz game"]
[Site "FICS freechess.org"]
[FICSGamesDBGameNo "20001093"]
[White "JohnX"]
[Black "BonoVox"]
[WhiteElo "1519"]
[BlackElo "1558"]
[WhiteRD "na"]
[BlackRD "na"]
[TimeControl "180+0"]
[Date "1999.06.28"]
[Time "11:48:00"]
[WhiteClock "0:03:00.000"]
[BlackClock "0:03:00.000"]
[ECO "D15"]
[PlyCount "141"]
[Result "1/2-1/2"]

1. d4 d5 2. Nf3 Nf6 3. c4 c6 4. Nc3 Bf5 5. Bg5 Nbd7 6. e3 e6 7. Be2 Be7 8. O-O O-O 9. h3 Ne4 10. Bxe7 Qxe7 11. Nxe4 Bxe4 12. Nd2 Nf6 13. cxd5 cxd5 14. Rc1 Rac8 15. Bf3 Bxf3 16. Nxf3 Ne4 17. Qd3 Rc6 18. Ne5 Rc7 19. Rxc7 Qxc7 20. a3 Rc8 21. Rd1 Qc2 22. b4 Qxd3 23. Rxd3 Rc2 24. f4 f6 25. Nf3 Rc3 26. Ne1 Rxd3 27. Nxd3 Nd2 28. Nc5 b6 29. Nxe6 Nc4 30. a4 Kf7 31. f5 Nxe3 32. Kf2 Nc2 33. b5 g6 34. Nf4 gxf5 35. Nxd5 Nxd4 36. Ke3 Nc2+ 37. Kd3 Ne1+ 38. Kd4 Nxg2 39. Nc7 f4 40. Ke4 f3 41. Kxf3 Ne1+ 42. Kf2 Nd3+ 43. Ke3 Nb2 44. Nd5 Nxa4 45. Kd4 Nc5 46. Nc7 Kg6 47. Kd5 Kf5 48. Kc6 Ke4 49. Na6 f5 50. Nxc5+ bxc5 51. Kxc5 f4 52. Kc6 f3 53. Kb7 f2 54. Kxa7 f1=Q 55. b6 Qb5 56. b7 Qc5+ 57. Ka8 Qf8+ 58. b8=Q Qxb8+ 59. Kxb8 Kf3 60. Kc7 Kg3 61. h4 h5 62. Kd6 Kxh4 63. Ke5 Kg4 64. Kf6 h4 65. Ke5 h3 66. Ke4 h2 67. Kd4 h1=Q 68. Ke5 Qf3 69. Kd6 Qe4 70. Kc5 Kf5 71. Kd6 {Black ran out of time and White has no material to mate} 1/2-1/2

[Event "FICS rated lightning game"]
[Site "FICS freechess.org"]
[FICSGamesDBGameNo "20001092"]
[White "AliBaby"]
[Black "Iveky"]
[WhiteElo "1868"]
[BlackElo "1729"]
[WhiteRD "na"]
[BlackRD "na"]
[TimeControl "0+1"]
[Date "1999.06.28"]
[Time "10:57:00"]
[WhiteClock "0:10.000"]
[BlackClock "0:10.000"]
[ECO "C00"]
[PlyCount "125"]
[Result "1-0"]

1. e4 e6 2. Bc4 d6 3. d4 c6 4. c3 b6 5. f4 Ba6 6. Bxa6 Nxa6 7. Qe2 Nc7 8. Nf3 Nf6 9. e5 Nd7 10. exd6 Bxd6 11. Ne5 Nxe5 12. fxe5 Be7 13. Qg4 O-O 14. Bh6 g6 15. Bxf8 Bxf8 16. Nd2 Nd5 17. Qf3 Qg5 18. Ne4 Qf5 19. Qxf5 exf5 20. Nf6+ Kg7 21. Nxd5 cxd5 22. Kf1 Rc8 23. Ke2 f6 24. Kd3 fxe5 25. dxe5 Kf7 26. Rhe1 Ke6 27. Kd4 Bc5+ 28. Kd3 Bf2 29. Re2 Bc5 30. b4 Be7 31. Rd1 Bg5 32. g3 a6 33. h4 Bh6 34. Rf2 b5 35. Rg2 Rc4 36. Kc2 Re4 37. Rd4 Rxe5 38. g4 fxg4 39. Rgxg4 Re2+ 40. Kb3 Rd2 41. Rxd2 Bxd2 42. Rd4 Bh6 43. Rg4 Be3 44. Rg2 Bf4 45. Rf2 Bg3 46. Rf1 Bxh4 47. Rh1 g5 48. a3 h6 49. a4 Kd6 50. axb5 axb5 51. c4 dxc4+ 52. Kc3 Kc6 53. Rf1 h5 54. Rf6+ Kd5 55. Rh6 g4 56. Rxh5+ Ke4 57. Rxh4 Kf3 58. Rh5 g3 59. Rxb5 g2 60. Rg5 Kf2 61. Kxc4 g1=Q 62. Rxg1 Kxg1 63. b5 {Black forfeits on time} 1-0

[Event "FICS rated blitz game"]
[Site "FICS freechess.org"]
[FICSGamesDBGameNo "20001091"]
[White "rames"]
[Black "arnaudsylvain"]
[WhiteElo "1563"]
[BlackElo "1436"]
[WhiteRD "na"]
[BlackRD "na"]
[TimeControl "180+0"]
[Date "1999.06.28"]
[Time "07:41:00"]
[WhiteClock "0:03:00.000"]
[BlackClock "0:03:00.000"]
[ECO "D02"]
[PlyCount "31"]
[Result "1-0"]

1. d4 d5 2. Nf3 Nc6 3. Bf4 g6 4. e3 Bg7 5. c3 Bg4 6. Nbd2 Nf6 7. Qb3 Bxf3 8. Nxf3 Ne4 9. Qxb7 Na5 10. Qa6 Nc4 11. b3 Ncd6 12. Bd3 Nxc3 13. Qc6+ Qd7 14. Qxa8+ Qc8 15. Qc6+ Qd7 16. Qxc3 {Black resigns} 1-0

[Event "FICS rated blitz game"]
[Site "FICS freechess.org"]
[FICSGamesDBGameNo "20001090"]
[White "Ryanowski"]
[Black "PWA"]
[WhiteElo "1632"]
[BlackElo "1806"]
[WhiteRD "na"]
[BlackRD "na"]
[TimeControl "300+3"]
[Date "1999.06.27"]
[Time "18:14:00"]
[WhiteClock "0:05:00.000"]
[BlackClock "0:05:00.000"]
[ECO "A39"]
[PlyCount "120"]
[Result "0-1"]

1. c4 c5 2. Nc3 Nc6 3. g3 g6 4. Bg2 Bg7 5. Nf3 Nf6 6. O-O O-O 7. d4 cxd4 8. Nxd4 Nxd4 9. Qxd4 d6 10. Qd1 Rb8 11. Bg5 h6 12. Bd2 Be6 13. Qb3 a6 14. a4 Qc7 15. Nd5 Bxd5 16. cxd5 Rfc8 17. Rac1 Qd7 18. Rxc8+ Rxc8 19. Rc1 Rxc1+ 20. Bxc1 Qc7 21. Be3 Nd7 22. Bd2 b6 23. Bc3 Bxc3 24. Qxc3 Qxc3 25. bxc3 Nc5 26. a5 bxa5 27. e3 Kf8 28. Bf1 Ke8 29. f4 Kd7 30. Kf2 Kc7 31. Ke1 Kb6 32. Kd1 Ne4 33. Kc2 Nf6 34. c4 Kc5 35. Kb3 Ng4 36. Bd3 Nxe3 37. h3 a4+ 38. Kxa4 Nxc4 39. Bxc4 Kxc4 40. Ka5 Kxd5 41. Kxa6 Ke4 42. Kb6 Kf3 43. Kc6 Kxg3 44. Kd7 d5 45. Kxe7 d4 46. Kxf7 d3 47. Kxg6 Kxf4 48. Kxh6 d2 49. Kg6 d1=Q 50. h4 Qg4+ 51. Kf6 Qxh4+ 52. Ke6 Qh5 53. Kd6 Ke4 54. Kc6 Qd5+ 55. Kc7 Qe6 56. Kb7 Kd5 57. Kc7 Qc6+ 58. Kd8 Qb7 59. Ke8 Ke6 60. Kf8 Qf7# {White checkmated} 0-1

[Event "FICS rated blitz game"]
[Site "FICS freechess.org"]
[FICSGamesDBGameNo "20001089"]
[White "rossm"]
[Black "vendemiatrix"]
[WhiteElo "1513"]
[BlackElo "1724"]
[WhiteRD "na"]
[BlackRD "na"]
[TimeControl "180+0"]
[Date "1999.06.27"]
[Time "16:48:00"]
[WhiteClock "0:03:00.000"]
[BlackClock "0:03:00.000"]
[ECO "B22"]
[PlyCount "83"]
[Result "1-0"]

1. e4 c5 2. Nf3 Nc6 3. c3 d5 4. exd5 Qxd5 5. Be2 e5 6. O-O e4 7. Ne1 Nf6 8. Na3 Be7 9. Bc4 Qd8 10. f3 O-O 11. Qe2 exf3 12. Qxf3 Bg4 13. Qd3 Qxd3 14. Bxd3 Rad8 15. Bc2 Be2 16. Rf2 Bh5 17. Nf3 Ng4 18. Rf1 Bf6 19. Bb1 a6 20. Nc2 c4 21. Re1 Be7 22. Ne3 Nxe3 23. dxe3 Bxf3 24. gxf3 Bh4 25. Rf1 Rd6 26. Be4 f5 27. Bc2 Rg6+ 28. Kh1 Ne5 29. e4 f4 30. Rg1 Bf2 31. Rxg6 hxg6 32. Bd2 Nxf3 33. Rd1 Nxd2 34. Rxd2 Be3 35. Re2 g5 36. Kg2 g4 37. h3 gxh3+ 38. Kxh3 g6 39. Kg4 Kg7 40. Ba4 b5 41. Bc2 Kf6 42. Rh2 {Black forfeits on time} 1-0

[Event "FICS rated blitz game"]
[Site "FICS freechess.org"]
[FICSGamesDBGameNo "20001088"]
[White "squideye"]
[Black "Matanga"]
[WhiteElo "1601"]
[BlackElo "1500"]
[WhiteRD "na"]
[BlackRD "na"]
[TimeControl "120+9"]
[Date "1999.06.27"]
[Time "14:49:00"]
[WhiteClock "0:02:00.000"]
[BlackClock "0:02:00.000"]
[ECO "B40"]
[PlyCount "38"]
[Result "0-1"]

1. e4 e6 2. Nf3 c5 3. d4 cxd4 4. Nxd4 Nf6 5. Nc3 a6 6. a3 d6 7. Bc4 Be7 8. O-O Bd7 9. Kh1 O-O 10. f4 Qc7 11. Ba2 Nc6 12. Nxc6 Bxc6 13. f5 exf5 14. Bg5 Nxe4 15. Nxe4 Bxe4 16. Qh5 Rac8 17. Rf4 Bxg5 18. Qxg5 Qxc2 19. Rg1 Qxb2 {White resigns} 0-1

[Event "FICS rated lightning game"]
[Site "FICS freechess.org"]
[FICSGamesDBGameNo "20001087"]
[White "CHESSIGOR"]
[Black "joma"]
[WhiteElo "1654"]
[BlackElo "1650"]
[WhiteRD "na"]
[BlackRD "na"]
[TimeControl "120+0"]
[Date "1999.06.27"]
[Time "13:53:00"]
[WhiteClock "0:02:00.000"]
[BlackClock "0:02:00.000"]
[ECO "B95"]
[PlyCount "59"]
[Result "1-0"]

1. e4 c5 2. Nf3 d6 3. d4 cxd4 4. Nxd4 a6 5. Nc3 Nf6 6. Bg5 e6 7. Be2 Be7 8. O-O Nbd7 9. a4 h6 10. Bh4 O-O 11. Re1 Qc7 12. Bf3 Ne5 13. Qe2 Nc4 14. b3 Ne5 15. Nd1 b6 16. c4 Bb7 17. Rc1 Rac8 18. Nc3 Ng6 19. Bg3 Rfd8 20. e5 dxe5 21. Bxb7 Qxb7 22. Nf3 e4 23. Nxe4 Nxe4 24. Qxe4 Bb4 25. Qxb7 Bxe1 26. Rxe1 Rb8 27. Bxb8 Rxb8 28. Qxb8+ Kh7 29. Qxb6 Nf4 30. Qxa6 {Black resigns} 1-0

[Event "FICS rated blitz game"]
[Site "FICS freechess.org"]
[FICSGamesDBGameNo "20001085"]
[White "minorlexicon"]
[Black "Juliuus"]
[WhiteElo "1521"]
[BlackElo "1229"]
[WhiteRD "na"]
[BlackRD "na"]
[TimeControl "300+12"]
[Date "1999.06.27"]
[Time "13:17:00"]
[WhiteClock "0:05:00.000"]
[BlackClock "0:05:00.000"]
[ECO "C89"]
[PlyCount "53"]
[Result "1-0"]

1. e4 e5 2. Nf3 Nc6 3. Bb5 a6 4. Ba4 Nf6 5. O-O b5 6. Bb3 Be7 7. Re1 O-O 8. c3 d5 9. exd5 Nxd5 10. Nxe5 Nxe5 11. Rxe5 c6 12. d4 f5 13. Qf3 Kh8 14. Bxd5 cxd5 15. Rxd5 Bd6 16. Bf4 Rf6 17. Bxd6 Bb7 18. c4 Bxd5 19. Qxd5 Rxd6 20. Qxf5 Rxd4 21. Nc3 Rd1+ 22. Rxd1 Qe7 23. Qd5 Re8 24. h3 b4 25. Na4 Qe2 26. Qd3 Qe5 27. b3 {Black resigns} 1-0

[Event "FICS rated blitz game"]
[Site "FICS freechess.org"]
[FICSGamesDBGameNo "20001084"]
[White "postbode"]
[Black "pacip"]
[WhiteElo "1756"]
[BlackElo "1708"]
[WhiteRD "na"]
[BlackRD "na"]
[TimeControl "180+0"]
[Date "1999.06.27"]
[Time "12:51:00"]
[WhiteClock "0:03:00.000"]
[BlackClock "0:03:00.000"]
[ECO "E91"]
[PlyCount "75"]
[Result "1-0"]

1. e4 g6 2. d4 Bg7 3. c4 d6 4. Nc3 Nf6 5. Nf3 O-O 6. Be2 c5 7. O-O a6 8. Bg5 cxd4 9. Nxd4 Nc6 10. Nxc6 bxc6 11. Bf3 Qa5 12. Bd2 Bb7 13. Qc2 Qc7 14. Rac1 c5 15. Nd5 Nxd5 16. exd5 Rab8 17. b3 Bc8 18. Rfe1 Re8 19. Re2 Bf5 20. Be4 Bg4 21. Ree1 a5 22. Bc3 Bh6 23. Bd2 Bg7 24. h3 Bd7 25. Bg5 f5 26. Bf3 Kh8 27. Bxe7 Be5 28. Bg5 Kg7 29. Bd2 Re7 30. Bc3 Rbe8 31. Bxe5+ Rxe5 32. Rxe5 Rxe5 33. Qd2 Qd8 34. Re1 a4 35. Rxe5 dxe5 36. d6 Qf6 37. Qd5 e4 38. Bd1 {Black forfeits on time} 1-0

[Event "FICS rated blitz game"]
[Site "FICS freechess.org"]
[FICSGamesDBGameNo "20001083"]
[White "hazmat"]
[Black "Aimi"]
[WhiteElo "1567"]
[BlackElo "1660"]
[WhiteRD "na"]
[BlackRD "na"]
[TimeControl "180+0"]
[Date "1999.06.27"]
[Time "09:52:00"]
[WhiteClock "0:03:00.000"]
[BlackClock "0:03:00.000"]
[ECO "A40"]
[PlyCount "81"]
[Result "0-1"]

1. d4 e6 2. e3 d5 3. Bd3 c5 4. c3 Bd6 5. f4 Nf6 6. Nf3 Nc6 7. O-O O-O 8. Ne5 Ne4 9. Nd2 f5 10. Nxe4 fxe4 11. Bb5 Nxe5 12. fxe5 Be7 13. Bd2 Bd7 14. Be2 Rc8 15. Bg4 b5 16. Be1 Rxf1+ 17. Kxf1 Qf8+ 18. Kg1 cxd4 19. cxd4 Qf7 20. Bg3 Rf8 21. Qe2 Qg6 22. Rc1 Rc8 23. Rxc8+ Bxc8 24. Bh5 Qg5 25. Bf4 Qh4 26. Be8 a6 27. Bh5 g6 28. Bg4 h5 29. Bh3 Bb4 30. Kf1 Qe7 31. Qc2 Bb7 32. a3 Ba5 33. g4 h4 34. g5 Kf7 35. Qf2 Qc7 36. Qxh4 Qc1+ 37. Kg2 Qxb2+ 38. Qf2 Qxf2+ 39. Kxf2 Ke7 40. Ke2 Bc6 41. Kd1 {White forfeits on time} 0-1

[Event "FICS rated blitz game"]
[Site "FICS freechess.org"]
[FICSGamesDBGameNo "20001082"]
[White "amrie"]
[Black "xxx"]
[WhiteElo "1687"]
[BlackElo "1647"]
[WhiteRD "na"]
[BlackRD "na"]
[TimeControl "240+15"]
[Date "1999.06.27"]
[Time "08:28:00"]
[WhiteClock "0:04:00.000"]
[BlackClock "0:04:00.000"]
[ECO "B52"]
[PlyCount "57"]
[Result "1-0"]

1. e4 c5 2. Nf3 d6 3. Bb5+ Bd7 4. a4 a6 5. Bxd7+ Qxd7 6. O-O Nc6 7. Nc3 Nf6 8. Re1 g6 9. Nd5 Nxd5 10. exd5 Na5 11. d4 cxd4 12. Qxd4 Rg8 13. Qb4 Qc7 14. Ra3 b6 15. Rc3 Qb7 16. Rce3 O-O-O 17. c4 Kb8 18. Bd2 Rc8 19. b3 Qc7 20. Qc3 Bg7 21. Nd4 Nxb3 22. Qxb3 Bxd4 23. Rxe7 Qxc4 24. Qg3 Qxd5 25. Bf4 Bc5 26. h4 Rgd8 27. Bg5 Qf5 28. R7e4 Rd7 29. Rf4 {Black forfeits on time} 1-0

[Event "FICS rated blitz game"]
[Site "FICS freechess.org"]
[FICSGamesDBGameNo "20001081"]
[White "zako"]
[Black "goldaric"]
[WhiteElo "1465"]
[BlackElo "1498"]
[WhiteRD "na"]
[BlackRD "na"]
[TimeControl "300+0"]
[Date "1999.06.27"]
[Time "08:20:00"]
[WhiteClock "0:05:00.000"]
[BlackClock "0:05:00.000"]
[ECO "B12"]
[PlyCount "72"]
[Result "0-1"]

1. e4 c6 2. d4 d5 3. e5 Bf5 4. Bd3 Bxd3 5. Qxd3 e6 6. c3 Nd7 7. Nf3 c5 8. O-O cxd4 9. cxd4 Ne7 10. a3 Nc6 11. Nc3 Nb6 12. Bg5 Be7 13. Bxe7 Qxe7 14. Nb5 O-O 15. Nd6 Nc8 16. Nb5 a6 17. Nc3 Nb6 18. b4 Nc4 19. Ra2 b5 20. Rc1 Rac8 21. a4 Nxb4 22. Qb1 Nxa2 23. Qxa2 Ra8 24. axb5 axb5 25. Qc2 b4 26. Nb1 Rfb8 27. Nfd2 Nxd2 28. Nxd2 Ra3 29. Nb3 g6 30. Ra1 Rxa1+ 31. Nxa1 Qa7 32. Nb3 Qb7 33. g3 Rc8 34. Qa2 Rc3 35. Nc5 Qb5 36. Qa8+ Kg7 {White forfeits on time} 0-1

[Event "FICS rated blitz game"]
[Site "FICS freechess.org"]
[FICSGamesDBGameNo "20001080"]
[White "goldrake"]
[Black "elisabeth"]
[WhiteElo "1716"]
[BlackElo "1641"]
[WhiteRD "na"]
[BlackRD "na"]
[TimeControl "180+0"]
[Date "1999.06.27"]
[Time "04:39:00"]
[WhiteClock "0:03:00.000"]
[BlackClock "0:03:00.000"]
[ECO "D35"]
[PlyCount "87"]
[Result "1-0"]

1. e3 e6 2. c4 d5 3. d4 Nf6 4. Nc3 Bb4 5. Bd2 O-O 6. a3 Bxc3 7. bxc3 Nc6 8. Nf3 Re8 9. Ne5 Nxe5 10. c5 c6 11. dxe5 Nd7 12. Be2 Nxe5 13. O-O Ng6 14. Bd3 e5 15. Qh5 e4 16. Be2 Qh4 17. Qxh4 Nxh4 18. g3 Nf3+ 19. Bxf3 exf3 20. Rab1 g5 21. Rb4 g4 22. Rfb1 h5 23. a4 Re7 24. c4 dxc4 25. Rxc4 Bf5 26. Rbc1 Rd7 27. Bc3 Rad8 28. Rd4 Rxd4 29. Bxd4 Be6 30. a5 a6 31. Rb1 Rd7 32. Rb4 f5 33. Kf1 Kf7 34. Ke1 Bd5 35. Kd2 Kg6 36. Kc3 h4 37. Rb2 h3 38. Rb4 Kf7 39. Bh8 Ke6 40. Rd4 Be4 41. Rxd7 Kxd7 42. Kd4 Ke6 43. Bg7 Bd5 44. Bh6 {Black resigns} 1-0

[Event "FICS rated blitz game"]
[Site "FICS freechess.org"]
[FICSGamesDBGameNo "20001078"]
[White "Vicleon"]
[Black "Bobber"]
[WhiteElo "1562"]
[BlackElo "1492"]
[WhiteRD "na"]
[BlackRD "na"]
[TimeControl "300+0"]
[Date "1999.06.26"]
[Time "22:18:00"]
[WhiteClock "0:05:00.000"]
[BlackClock "0:05:00.000"]
[ECO "C01"]
[PlyCount "83"]
[Result "1-0"]

1. e4 e6 2. d4 d5 3. exd5 exd5 4. c4 Nc6 5. cxd5 Qxd5 6. Nf3 Nf6 7. Nc3 Qd8 8. Bf4 Bd6 9. Bg5 O-O 10. Be2 Re8 11. O-O Bg4 12. h3 Bxf3 13. Bxf3 Nxd4 14. Kh1 Nc6 15. Nd5 Be7 16. Bf4 Bd6 17. Bg5 Be7 18. Nc3 h6 19. Bf4 Bd6 20. Be3 Ne5 21. Be2 b6 22. Nb5 Be7 23. Bf4 c6 24. Bxe5 cxb5 25. Bg3 b4 26. b3 Rc8 27. Bb5 Rf8 28. Qf3 Rc5 29. Rad1 Qc8 30. Bc4 Rd8 31. Rfe1 Rxd1 32. Rxd1 Qe8 33. Qb7 Rc8 34. Qxa7 Ra8 35. Qxb6 Rxa2 36. Be5 Qc8 37. Bd6 Bxd6 38. Rxd6 Kh7 39. Bd3+ g6 40. Rxf6 Qc1+ 41. Kh2 Ra1 42. Rxf7+ {Black forfeits on time} 1-0

[Event "FICS rated blitz game"]
[Site "FICS freechess.org"]
[FICSGamesDBGameNo "20001077"]
[White "riese"]
[Black "spalpeen"]
[WhiteElo "1523"]
[BlackElo "1577"]
[WhiteRD "na"]
[BlackRD "na"]
[TimeControl "240+0"]
[Date "1999.06.26"]
[Time "17:17:00"]
[WhiteClock "0:04:00.000"]
[BlackClock "0:04:00.000"]
[ECO "C62"]
[PlyCount "130"]
[Result "1/2-1/2"]

1. e4 e5 2. Nf3 Nc6 3. Bb5 d6 4. O-O Bd7 5. c3 Nf6 6. Re1 Qe7 7. d4 h6 8. Nbd2 g5 9. Nf1 g4 10. Nh4 Nxe4 11. Rxe4 Qxh4 12. Bxc6 Bxc6 13. Rxg4 Qf6 14. Ng3 O-O-O 15. a4 h5 16. Rg5 Bh6 17. Rxh5 Bxc1 18. Rxh8 Rxh8 19. Qxc1 Qh4 20. h3 Bd7 21. dxe5 Bxh3 22. gxh3 Qxh3 23. Qf4 dxe5 24. Qxe5 Rg8 25. Re1 b6 26. Qf4 f5 27. Re5 Rd8 28. Qxf5+ Qxf5 29. Nxf5 Rd2 30. b4 Rc2 31. Re3 Ra2 32. Ne7+ Kd7 33. a5 bxa5 34. bxa5 Rxa5 35. Ng6 Rg5+ 36. Rg3 Rc5 37. Kf1 a5 38. Ke2 a4 39. Kd2 a3 40. Rg1 Ra5 41. Ra1 Kc6 42. Nf4 Kb5 43. Nd3 Kc4 44. Kc2 c6 45. f4 Rd5 46. Ne5+ Kb5 47. Rxa3 c5 48. Rb3+ Ka6 49. c4 Rd4 50. Rf3 Kb7 51. Kc3 Kc7 52. Nd3 Kd6 53. f5 Rh4 54. f6 Rh8 55. f7 Rf8 56. Rf5 Ke6 57. Rxc5 Rxf7 58. Rc6+ Kd7 59. Ne5+ Ke7 60. Nxf7 Kxf7 61. Rd6 Ke7 62. Rd4 Ke6 63. c5 Ke5 64. c6 Ke6 65. c7 Ke5 {White ran out of time and Black has no material to mate} 1/2-1/2

[Event "FICS rated blitz game"]
[Site "FICS freechess.org"]
[FICSGamesDBGameNo "20001076"]
[White "OneGoodDutchman"]
[Black "jmacnab"]
[WhiteElo "1541"]
[BlackElo "1591"]
[WhiteRD "na"]
[BlackRD "na"]
[TimeControl "300+0"]
[Date "1999.06.26"]
[Time "15:10:00"]
[WhiteClock "0:05:00.000"]
[BlackClock "0:05:00.000"]
[ECO "B80"]
[PlyCount "50"]
[Result "0-1"]

1. e4 c5 2. Nf3 d6 3. d4 cxd4 4. Nxd4 Nf6 5. Nc3 e6 6. Bg5 h6 7. Bh4 Be7 8. f4 Nxe4 9. Bxe7 Nxc3 10. Bxd8 Nxd1 11. Ba5 Nxb2 12. Bc3 Na4 13. Bb5+ Bd7 14. Bxa4 Bxa4 15. O-O O-O 16. Nb3 Nc6 17. Rad1 d5 18. Rd2 Rac8 19. Re1 Ne7 20. Bb4 Rfe8 21. f5 Nxf5 22. g4 Ne7 23. Kf1 Ng6 24. Kg1 Rcd8 25. Kg2 e5 {White forfeits on time} 0-1

[Event "FICS rated blitz game"]
[Site "FICS freechess.org"]
[FICSGamesDBGameNo "20001075"]
[White "Levs"]
[Black "chesshack"]
[WhiteElo "1832"]
[BlackElo "1619"]
[WhiteRD "na"]
[BlackRD "na"]
[TimeControl "120+12"]
[Date "1999.06.26"]
[Time "14:22:00"]
[WhiteClock "0:02:00.000"]
[BlackClock "0:02:00.000"]
[ECO "C40"]
[PlyCount "103"]
[Result "1/2-1/2"]

1. e4 e5 2. Nf3 d5 3. Nxe5 Bd6 4. d4 dxe4 5. Nc4 Nf6 6. Nxd6+ Qxd6 7. Be2 O-O 8. O-O Nc6 9. c3 Ne7 10. Na3 Ng6 11. Nc4 Qe7 12. Bg5 c6 13. Qc2 b5 14. Nd2 Re8 15. Rfe1 e3 16. Bxe3 Nd5 17. Bf1 Be6 18. Nf3 Nxe3 19. Rxe3 Qd6 20. Bd3 Re7 21. Rae1 Rae8 22. Qe2 Nf4 23. Qc2 Nxd3 24. Qxd3 Bxa2 25. Rxe7 Rxe7 26. Rxe7 Qxe7 27. Qe3 Qxe3 28. fxe3 Bd5 29. Nd2 f5 30. Kf2 Kf7 31. g3 g5 32. b3 Kf6 33. c4 bxc4 34. bxc4 Be4 35. Nxe4+ fxe4 36. Ke2 h5 37. h3 Ke6 38. Kd2 Kd6 39. Kc3 Kc7 40. Kb4 Kb6 41. c5+ Kb7 42. Ka5 a6 43. Kb4 Kc7 44. Ka5 Kb7 45. Kb4 Kc7 46. Ka4 Kb8 47. Ka5 Kb7 48. Ka4 Kc7 49. Ka5 Kb7 50. Ka4 Kc7 51. Ka5 Kb7 52. Ka4 {Game drawn by repetition} 1/2-1/2

[Event "FICS rated blitz game"]
[Site "FICS freechess.org"]
[FICSGamesDBGameNo "20001074"]
[White "shutka"]
[Black "sovietking"]
[WhiteElo "1994"]
[BlackElo "2005"]
[WhiteRD "na"]
[BlackRD "na"]
[TimeControl "180+4"]
[Date "1999.06.26"]
[Time "11:16:00"]
[WhiteClock "0:03:00.000"]
[BlackClock "0:03:00.000"]
[ECO "C11"]
[PlyCount "67"]
[Result "1-0"]

1. e4 e6 2. d4 d5 3. Nc3 dxe4 4. Nxe4 Nd7 5. Nf3 Ngf6 6. Bg5 Be7 7. Ng3 O-O 8. Bd3 Ng4 9. Bxe7 Qxe7 10. Qd2 c5 11. h3 Ngf6 12. O-O cxd4 13. Nxd4 Ne5 14. Rfe1 Nxd3 15. Qxd3 Qb4 16. b3 Nd5 17. c4 Nf4 18. Qe4 g5 19. a3 Qd2 20. Red1 Qb2 21. b4 f5 22. Qe5 h6 23. c5 Rd8 24. Qf6 Rd5 25. Qxh6 Rxd4 26. Qxg5+ Kf7 27. Re1 Nd3 28. Rf1 Bd7 29. Rab1 Qxa3 30. Nh5 Rg4 31. Qf6+ Ke8 32. hxg4 Bc6 33. Ng7+ Kd7 34. Qxe6+ {Black resigns} 1-0